 Dungeon Crawl Stone Soup version 0.31-a0-1-g4198be8af4 (webtiles) character file.

Game seed: 15616988865387721496

5119 retardedninja the Magician (level 10, 0/75 HPs)
             Began as a Gnoll Fire Elementalist on May 2, 2023.
             Slain by Gastronok (31 damage)
             ... on level 8 of the Dungeon.
             The game lasted 00:19:19 (12783 turns).

retardedninja the Magician (GnFE)                  Turns: 12783, Time: 00:19:20

Health: 0/75       AC:  5    Str:  9    XL:     10   Next: 58%
Magic:  10/21      EV: 14    Int: 18    God:
Gold:   1350       SH:  0    Dex: 12    Spells: 14/24 levels left

rFire   . . .        x - +2 hand axe (flame)
rCold   . . .        y - +3 warlock's mirror {omnireflect}
rNeg    . . .        a - +1 robe
rPois   .            (no helmet)
rElec   .            (no cloak)
rCorr   .            (no gloves)
SInv    +            f - +1 pair of boots
Will    .....        C - amulet of reflection
Stlth   +            v - ring of see invisible
HPRegen 0.32/turn    D - ring of wizardry
MPRegen 0.17/turn

%: reflection, wizardry (x1)
@: confused, ambrosia-drunk
A: fangs 1, strong nose, distributed training
a: no special abilities


You were on level 8 of the Dungeon.
You visited 2 branches of the dungeon, and saw 9 of its levels.

You collected 1350 gold pieces.

Inventory:

Hand Weapons
 x - a +2 hand axe of flaming (weapon)
Missiles
 k - 2 throwing nets
Armour
 a - a +1 robe (worn)
 f - a +1 pair of boots (worn)
 y - the +3 warlock's mirror (worn) {omnireflect}
   (You acquired it on level 6 of the Dungeon)

   Omnireflect: It can block and reflect piercing ranged attacks and magical
   attacks against the wielder's willpower.
 A - +0 storm dragon scales
Magical Staves
 n - the staff of cold "Dydghe Jiurph" {rF+ rC+ Int+4}
   (You found it on level 6 of the Dungeon)

   [staff of cold]

   Base accuracy: +5 Base damage: 5 Base attack delay: 1.2 This weapon's minimum
   attack delay (0.6) is reached at skill level 12.
   Int:       It affects your intelligence (+4).
   rF:        It protects you from fire.
   rC:        It protects you from cold.
   It falls into the 'Staves' category.
   It is a one-handed weapon.
Jewellery
 v - a ring of see invisible (left hand)
 C - an amulet of reflection (around neck)
 D - a ring of wizardry (right hand)
Scrolls
 e - a scroll of vulnerability
 i - a scroll of immolation
 l - 2 scrolls of fog
 m - 2 scrolls of amnesia
 o - 2 scrolls of noise
 p - a scroll of butterflies
 q - 2 scrolls of magic mapping
 r - 2 scrolls of enchant weapon {unknown}
 s - 3 scrolls of teleportation
 w - a scroll of torment
Potions
 b - a potion of magic
 c - 2 potions of attraction
 d - a potion of might
 h - 3 potions of flight
 j - a potion of lignification
 t - 2 potions of mutation


   Skills:
 + Level 5.6 Fighting
 + Level 5.6 Short Blades
 + Level 5.6 Long Blades
 + Level 5.6 Axes
 + Level 5.6 Maces & Flails
 + Level 5.6 Polearms
 + Level 5.6 Staves
 + Level 5.6 Ranged Weapons
 + Level 5.6 Throwing
 + Level 5.6 Armour
 + Level 7.3 Dodging
 + Level 7.1 Stealth
 + Level 5.6 Shields
 + Level 5.6 Unarmed Combat
 + Level 7.6 Spellcasting
 + Level 5.1 Conjurations
 + Level 4.6 Hexes
 + Level 4.6 Summonings
 + Level 4.6 Necromancy
 + Level 4.6 Translocations
 + Level 4.6 Transmutations
 + Level 7.2 Fire Magic
 + Level 4.6 Ice Magic
 + Level 4.6 Air Magic
 + Level 4.6 Earth Magic
 + Level 4.6 Poison Magic
 + Level 6.2 Invocations
 + Level 5.6 Evocations


You had 14 spell levels left.
You knew the following spells:

 Your Spells              Type           Power      Damage    Failure   Level
a - Foxfire               Conj/Fire      100%       2x1d9     1%          1
b - Scorch                Fire           66%        2d7       1%          2
c - Flame Wave            Conj/Fire      29%        2d9       4%          4
d - Inner Flame           Hex/Fire       28%        N/A       1%          3

Your spell library contained the following spells:

 Spells                   Type           Power      Damage    Failure   Level
 Summon Small Mammal      Summ           92%        N/A       1%          1
 Ensorcelled Hibernation  Hex/Ice        46%        N/A       1%          2
 Lesser Beckoning         Tloc           46%        N/A       1%          2
 Volatile Blastmotes      Fire/Tloc      56%        2d14      1%          3
 Call Canine Familiar     Summ           23%        N/A       2%          3
 Gell's Gravitas          Tloc           23%        N/A       2%          3
 Portal Projectile        Hex/Tloc       46%        N/A       2%          3
 Spider Form              Tmut/Pois      23%        N/A       2%          3
 Summon Guardian Golem    Hex/Summ       23%        N/A       2%          3
 Teleport Other           Tloc           23%        N/A       2%          3
 Tukima's Dance           Hex            23%        N/A       2%          3
 Anguish                  Hex/Necr       11%        N/A       9%          4
 Irradiate                Conj/Tmut      12%        3d15      21%         5
 Blade Hands              Tmut           11%        N/A       24%         5
 Dragon Form              Tmut           11%        N/A       99%         7


Dungeon Overview and Level Annotations

Branches:
Dungeon (8/15)             Temple (1/1) D:6            Lair (0/5) D:8

Altars:
Ashenzari
Dithmenos
Elyvilon
Fedhas
Hepliaklqana
Kikubaaqudgha
Makhleb
Nemelex Xobeh
Qazlal
Sif Muna
Trog
Uskayaw
Vehumet
Xom
Yredelemnul
The Shining One
Lugonu

Shops:
D:3 [   D:6 *

Annotations:
D:8 Gastronok


Innate Abilities, Weirdness & Mutations

You have very sharp teeth.
Your uncanny sense of smell can sniff out nearby items.
Your experience applies equally to all skills.


Message History

Gastronok is burned terribly!
Gastronok is severely wounded. (Press . to intensify the flame waves.)
An orc priest comes into view. It is wielding a +0 hand axe.
Gastronok's eyestalks quiver as he mumbles some strange words.
Gastronok puts on a burst of speed!
A wave of flame ripples out!
The flame wave engulfs Gastronok!
Gastronok is burned terribly!
Gastronok is severely wounded.
The flame wave engulfs the orc wizard!
The orc wizard is almost dead.
Unknown command.
A wave of flame ripples out!
The flame wave engulfs Gastronok!
Gastronok is burned terribly!
Gastronok is severely wounded.
The flame wave engulfs the orc wizard.
The orc wizard is lightly wounded.
The flame wave engulfs the orc wizard!
You kill the orc wizard!
You finish channelling waves of flame.
The orc wizard hits you but does no damage.
Gastronok bites you!!
The orc wizard hits you with a +0 dagger. x2
You block the orc wizard's attack.
Gastronok waves his eye-stalks in wide circles.
The air twists around and strikes you!!
Unknown command.
Casting: Flame Wave (dangerous; 4% risk of failure)
Confirm with . or Enter, or press ? or * to list all spells.
You don't have enough magic to cast this spell.
Unknown command.
You are confused.
You feel invigorated.
The orc wizard gestures at you while chanting.
You easily resist.
You hit Gastronok. You burn Gastronok.
Gastronok is severely wounded.
You hit the orc wizard. You burn the orc wizard.
The orc wizard barely misses you. Gastronok bites you!!
You die...

.###.##...)+......#,,,,**,,,,****
#'#........#......#,,,,**,,,,,,,,
##...##....#......#,,,,**,,,,,,,,
#....##....#......#,,,,,,,,,,,,,,
..#####....#....[.#,,,,,,,,,,,,,,
......#....#......#,,,,,,,,,,,,,,
......#,,,,#......#,,,,,,,,,,,,,,
......#,,,,#......#,,,,**,,,,,,,,
......#,,,,#....@o#,,,,**,,,,**,,
......#,,,,#...)wo'.....+,,,,****
......#,,,,#....).#.....*,,,,,*,,
#######**,*##?....#,...>*,,,,,*,,
*⌠*,*⌠#.....',,..#*,,,,**,,
*,,,,,#.....##**##*,,,,****
*,,_,,#.....#,,,,**,,,,*,,,
*,,,,,#.....#,,,,*,,,,,+,,,
********,,,,,*,,,,*,,,,,*,,,


You could see Gastronok (swift, combustible), an orc priest and an orc wizard
(fast, invisible).

Vanquished Creatures
  Pikel (D:4)
  A hornet (D:8)
  11 yaks
  Eustachio (D:5)
  4 ice beasts
  Pargi (D:4)
  A black bear (D:4)
  An ogre (D:5)
  3 lemures (D:4)
  A centaur (D:7)
  2 phantoms
  4 bullfrogs
  4 necrophages (D:4)
  2 scorpions
  A water moccasin zombie (D:4)
  4 wights
  4 killer bees (D:7)
  2 howler monkeys
  2 jellies
  An orc priest (D:7)
  3 hounds
  A gnoll bouda (D:7)
  A human zombie (D:4)
  2 sleepcaps
  3 iguanas
  5 orc wizards
  A hound zombie (D:4)
  A mummy (D:4)
  7 gnolls
  7 adders
  A white imp (D:8)
  2 ufetubi
  2 adder zombies (D:4)
  A worm (D:5)
  A dart slug (D:3)
  17 orcs
  10 ball pythons
  3 bats (D:3)
  11 endoplasms
  2 giant cockroaches
  5 goblins
  5 hobgoblins
  5 quokkas
  6 frilled lizards
  10 kobolds
  A quokka zombie (D:4)
  2 rats
166 creatures vanquished.

Vanquished Creatures (collateral kills)
  A foxfire (D:6)
1 creature vanquished.

Vanquished Creatures (others)
  539 foxfires
  A plant (D:6)
540 creatures vanquished.

Grand Total: 707 creatures vanquished

Notes
Turn   | Place    | Note
-------+----------+-------------------------------------------
     0 | D:1      | retardedninja the Gnoll Fire Elementalist began the quest
                  | for the Orb.
     0 | D:1      | Reached XP level 1. HP: 13/13 MP: 6/6
   329 | D:1      | Reached XP level 2. HP: 19/19 MP: 4/7
  1245 | D:2      | Reached skill level 5 in Spellcasting
  1245 | D:2      | Reached XP level 3. HP: 23/25 MP: 5/9
  1606 | D:1      | Reached skill level 1 in Invocations
  1735 | D:2      | Learned a level 2 spell: Scorch
  1907 | D:2      | Reached skill level 1 in Fighting
  1907 | D:2      | Reached skill level 1 in Short Blades
  1907 | D:2      | Reached skill level 1 in Long Blades
  1907 | D:2      | Reached skill level 1 in Axes
  1907 | D:2      | Reached skill level 1 in Maces & Flails
  1907 | D:2      | Reached skill level 1 in Polearms
  1907 | D:2      | Reached skill level 1 in Staves
  1907 | D:2      | Reached skill level 1 in Ranged Weapons
  1907 | D:2      | Reached skill level 1 in Throwing
  1907 | D:2      | Reached skill level 1 in Armour
  1907 | D:2      | Reached skill level 1 in Shields
  1907 | D:2      | Reached skill level 1 in Unarmed Combat
  1907 | D:2      | Reached skill level 1 in Evocations
  2157 | D:2      | Reached XP level 4. HP: 32/32 MP: 9/11
  2524 | D:3      | Found a stormy altar of Qazlal.
  2809 | D:3      | Found a white marble altar of Elyvilon.
  2987 | D:3      | Reached skill level 1 in Hexes
  2987 | D:3      | Reached skill level 1 in Summonings
  2987 | D:3      | Reached skill level 1 in Necromancy
  2987 | D:3      | Reached skill level 1 in Translocations
  2987 | D:3      | Reached skill level 1 in Transmutations
  2987 | D:3      | Reached skill level 1 in Ice Magic
  2987 | D:3      | Reached skill level 1 in Air Magic
  2987 | D:3      | Reached skill level 1 in Earth Magic
  2987 | D:3      | Reached skill level 1 in Poison Magic
  3129 | D:3      | Reached XP level 5. HP: 19/37 MP: 0/12
  3327 | D:3      | Found a radiant altar of Vehumet.
  3329 | D:3      | Found Ihabog Ozxe's Antique Armour Boutique.
  3569 | D:4      | Noticed a black bear
  3582 | D:4      | Killed a black bear
  3583 | D:4      | Reached skill level 5 in Dodging
  3583 | D:4      | Reached XP level 6. HP: 29/44 MP: 4/14
  3972 | D:4      | Noticed Pargi
  3981 | D:4      | Killed Pargi
  3982 | D:4      | Reached XP level 7. HP: 43/50 MP: 7/15
  4330 | D:4      | Reached skill level 5 in Stealth
  4861 | D:4      | Found a basalt altar of Yredelemnul.
  5055 | D:4      | Reached XP level 8. HP: 53/58 MP: 7/16
  5484 | D:5      | Entered Level 5 of the Dungeon
  5484 | D:5      | Noticed Pikel
  5783 | D:4      | Killed Pikel
  6204 | D:5      | Reached XP level 9. HP: 27/65 MP: 3/18
  6400 | D:5      | Noticed Eustachio
  6541 | D:5      | Killed Eustachio
  6720 | D:5      | Found a shadowy altar of Dithmenos.
  6752 | D:5      | Found an ancient bone altar of Kikubaaqudgha.
  6843 | D:5      | Learned a level 4 spell: Flame Wave
  6847 | D:5      | Learned a level 3 spell: Inner Flame
  7463 | D:6      | Identified the staff of cold "Dydghe Jiurph" {rF+ rC+
                  | Int+4}
  7484 | D:6      | Identified 2 scrolls of acquirement
  7484 | D:6      | Acquired the +3 warlock's mirror {omnireflect}
  7484 | D:6      | Found the +3 warlock's mirror {omnireflect}
  7486 | D:6      | Acquired 958 gold pieces
  7543 | D:6      | Found a hide-covered altar of Uskayaw.
  7879 | D:6      | Found Inaof's Assorted Antiques.
  7887 | D:6      | Found a staircase to the Ecumenical Temple.
  8053 | Temple   | Entered the Ecumenical Temple
  8532 | D:6      | Reached skill level 5 in Invocations
 10307 | D:7      | Found a burning altar of Makhleb.
 10998 | D:8      | Reached skill level 5 in Fighting
 10998 | D:8      | Reached skill level 5 in Short Blades
 10998 | D:8      | Reached skill level 5 in Long Blades
 10998 | D:8      | Reached skill level 5 in Axes
 10998 | D:8      | Reached skill level 5 in Maces & Flails
 10998 | D:8      | Reached skill level 5 in Polearms
 10998 | D:8      | Reached skill level 5 in Staves
 10998 | D:8      | Reached skill level 5 in Ranged Weapons
 10998 | D:8      | Reached skill level 5 in Throwing
 10998 | D:8      | Reached skill level 5 in Armour
 10998 | D:8      | Reached skill level 5 in Shields
 10998 | D:8      | Reached skill level 5 in Unarmed Combat
 10998 | D:8      | Reached skill level 5 in Evocations
 10998 | D:8      | Reached XP level 10. HP: 61/74 MP: 7/20
 11328 | D:8      | Found a staircase to the Lair.
 11389 | D:8      | Reached skill level 5 in Conjurations
 12149 | D:8      | Paralysed by a hornet for 3 turns
 12730 | D:8      | Found a sparkling altar of Nemelex Xobeh.
 12761 | D:8      | Noticed Gastronok
 12783 | D:8      | Slain by Gastronok

Illustrated notes

Levels and vault maps discovered:
D:1:      minmay_arrival_plants_in_alcoves, layout_basic, nrook_loot_triangle
D:2:      layout_basic
D:3:      layout_rooms, amcnicky_altar_gilded, mainiacjoe_overflow_tiny_flanked,
          elyvilon_altar_3, serial_shops, nicolae_shop_dealshenge
D:4:      layout_cave_pools, lemuel_mausoleum_altar_yredelemnul, uniq_pargi
D:5:      layout_loops_ring, nicolae_kikubaaqudgha_miasma_corner,
          mainiacjoe_overflow_cross_hatched, uniq_eustachio, uniq_pikel
D:6:      layout_rooms, nicolae_uskayaw_suspiria, minmay_temple_entry_grid,
          serial_shops, nicolae_shop_overgrown_old_shop, minivault_22
D:7:      layout_gridville, lemuel_coloured_pillars_altar
D:8:      layout_gridville, nemelex_diamond_rough_becter,
          mainiacjoe_overflow_alcove_2, dpeg_oklobed_lair, uniq_gastronok
Temple:   corrupted_temple

Skill      XL: |  1  2  3  4  5  6  7  8  9 10 |
---------------+-------------------------------+-----
Conjurations   | 2 3 4 5 |  5.1
Spellcasting   | 5 6 7 |  7.6
Invocations    | 1 2 3 4 5 6 |  6.2
Fighting       | 1 2 3 5 |  5.6
Short Blades   | 1 2 3 5 |  5.6
Long Blades    | 1 2 3 5 |  5.6
Axes           | 1 2 3 5 |  5.6
Maces & Flails | 1 2 3 5 |  5.6
Polearms       | 1 2 3 5 |  5.6
Staves         | 1 2 3 5 |  5.6
Ranged Weapons | 1 2 3 5 |  5.6
Throwing       | 1 2 3 5 |  5.6
Armour         | 1 2 3 5 |  5.6
Shields        | 1 2 3 5 |  5.6
Unarmed Combat | 1 2 3 5 |  5.6
Evocations     | 1 2 3 5 |  5.6
Hexes          | 1 2 3 4 |  4.6
Summonings     | 1 2 3 4 |  4.6
Necromancy     | 1 2 3 4 |  4.6
Translocations | 1 2 3 4 |  4.6
Transmutations | 1 2 3 4 |  4.6
Ice Magic      | 1 2 3 4 |  4.6
Air Magic      | 1 2 3 4 |  4.6
Earth Magic    | 1 2 3 4 |  4.6
Poison Magic   | 1 2 3 4 |  4.6
Dodging        | 5 6 7 |  7.3
Stealth        | 5 6 7 |  7.1
Fire Magic     | 6 7 |  7.2

Action                     |  1- 3 |  4- 6 |  7- 9 | 10-12 || total
---------------------------+-------+-------+-------+-------++-------
  Melee: Unarmed           |    12 |       |       |       ||    12
         Short sword       |     7 |       |       |       ||     7
         Hand axe          |       |       |    34 |     4 ||    38
         Bite              |       |       |     5 |       ||     5
   Cast: Foxfire           |   100 |    98 |   115 |    20 ||   333
         Scorch            |     2 |    16 |    96 |    14 ||   128
         Flame Wave        |       |       |     4 |     7 ||    11
  Evoke: Wand              |       |       |       |     9 ||     9
    Use: Scroll            |     1 |     7 |    14 |     1 ||    23
         Potion            |       |       |     7 |     6 ||    13
 Armour: Robe              |     9 |     6 |    19 |    14 ||    48
  Dodge: Dodged            |    46 |    23 |    99 |    30 ||   198
  Block: Buckler           |       |       |    17 |    49 ||    66
         Reflection        |       |       |     2 |     1 ||     3
         Other             |       |       |     2 |       ||     2

Table legend: (Time is in decaauts)
 A = Elapsed time spent in this place.
 B = Non-inter-level travel time spent in this place.
 C = Inter-level travel time spent in this place.
 D = Time resting spent in this place.
 E = Time spent auto-exploring this place.
 F = Levels seen in this place.
 G = Mean time per level.
                   A        B        C        D        E       F      G
               +--------+--------+--------+--------+--------+-----+--------+
         Total |  12745 |  12546 |    199 |   5012 |   5826 |   9 | 1416.1 |
       Dungeon |  12700 |  12506 |    194 |   5012 |   5805 |   8 | 1587.5 |
        Temple |     45 |     40 |      5 |      0 |     21 |   1 |   45.0 |
               +--------+--------+--------+--------+--------+-----+--------+

Top non-repeatable levels by time:
     D:4: 2773 daAuts
     D:7: 2772 daAuts
     D:6: 1427 daAuts
     D:1: 1215 daAuts
     D:5: 1207 daAuts
     D:2: 1203 daAuts
     D:8: 1051 daAuts
     D:3: 1049 daAuts
  Temple: 45 daAuts
